 Dungeon Sprint DCSS version 0.20.1-1-g8b1a95d (webtiles) character file.

2963 wojtek the Bludgeoner (level 9, -6/89 HPs)
             Began as a Minotaur Fighter on Dec 30, 2017.
             Was a Believer of Trog.
             Splashed by an oklob plant's acid (11 damage)
             ... in the Dungeon (Sprint I: "Red Sonja").
             The game lasted 00:03:31 (1359 turns).

wojtek the Bludgeoner (Minotaur Fighter)            Turns: 1359, Time: 00:03:33

Health: -6/89      AC:  9    Str: 24    XL:     9   Next: 52%
Magic:  8/8        EV: 11    Int:  7    God:    Trog [**....]
Gold:   167        SH: 12    Dex: 10    Spells: 8/8 levels left

rFire    . . .     SeeInvis +   a - +0 flail
rCold    + . .     Gourm    .   c - +0 shield
rNeg     . . .     Faith    .   m - +2 chain mail {rC+}
rPois    .         Spirit   .   s - +3 crown of Dyrovepreva {rElec Int+2 SInv}
rElec    +         Reflect  .   (no cloak)
rCorr    .         Harm     .   (no gloves)
MR       .....     NoTele   +   (no boots)
Stlth    ..........             (no amulet)
Regen    0.3/turn               (no ring)
MPRegen  0.2/turn               (no ring)

@: corroded
A: retaliatory headbutt, horns 2
a: Berserk, Trog's Hand, Burn Spellbooks, Renounce Religion


You were in the Dungeon.
You worshipped Trog.
Trog was pleased with you.
You were not hungry.

You visited 1 branch You collected 663 gold pieces.
You spent 496 gold pieces at shops.

Inventory:

Hand Weapons
 a - a +0 flail (weapon)
Armour
 c - a +0 shield (worn)
 m - a +2 chain mail of cold resistance (worn)
 s - the +3 crown of Dyrovepreva (worn) {rElec Int+2 SInv}
   (You bought it in a shop in the Dungeon)

   It affects your intelligence (+2).
   It insulates you from electricity.
   It lets you see invisible.
Wands
 l - a wand of polymorph (12/24)
 r - a wand of polymorph (21/24)
Scrolls
 k - 3 scrolls of blinking
 p - a scroll of remove curse {unknown}
 q - a scroll of enchant weapon {unknown}
Potions
 b - a potion of agility {unknown}
 d - a potion of might
 e - a potion of curing
 g - a potion of heal wounds
 h - a potion of haste
 i - 2 potions of magic
 j - a potion of berserk rage
 n - a potion of flight {unknown}
Comestibles
 f - a bread ration


   Skills:
 + Level 11.5 Fighting
 * Level 15.2 Maces & Flails
 + Level 11.6 Armour
 + Level 9.6 Dodging
 - Level 10.5 Shields


You had 8 spell levels left.
You didn't know any spells.

Dungeon Overview and Level Annotations

Branches:
Dungeon (1/1)

Altars:
Cheibriados
Dithmenos
Elyvilon
Fedhas
Gozag
Hepliaklqana
Kikubaaqudgha
Makhleb
Nemelex Xobeh
Okawaru
Qazlal
Ru
Sif Muna
Trog
Uskayaw
Vehumet
Xom
Yredelemnul
Zin
The Shining One
Jiyva
Lugonu

Shops:
D :[

Annotations:
D exclusion: oklob plant


Innate Abilities, Weirdness & Mutations

You reflexively headbutt those who attack you in melee.
You have a pair of horns on your head.


Message History

You headbutt the oklob plant!
The oklob plant is moderately damaged.
The oklob plant spits acid at you. The splash of acid hits you!
* * * LOW HITPOINT WARNING * * *
You are splashed with acid!
The acid burns!
* * * LOW HITPOINT WARNING * * *
You hit the oklob plant.
The oklob plant is moderately damaged.
Unknown command.
You hit the oklob plant but do no damage.
You headbutt the oklob plant.
The oklob plant is moderately damaged.
You hit the oklob plant but do no damage.
The oklob plant is moderately damaged.
The oklob plant spits acid at you. The splash of acid hits you!
* * * LOW HITPOINT WARNING * * *
You are splashed with acid!
The acid burns!
You die...

###################
..#.)'..#__#..')..#
..'..#..÷..'..#)..#
#'#####'#__####...+
..#...#.####§.#####
###..##.#≈§§§§#§.#
__##'#..)§§§.§§..#
...'.§§_#≈≈§.§#§§#
__##_.#'##'#####@#
__###+#.#..[.###P+
### ####'###.###
+.....'.∩#
##########


You could see an oklob plant.

Vanquished Creatures
  A centaur warrior (D)
  A deep troll (D)
  A manticore (D)
  2 kobold demonologists (D)
  A hornet (D)
  A slime creature (D)
  Sigmund (D)
  A yak (D)
  A floating eye (D)
  An ogre (D)
  A jelly (D)
  Ijyb (D)
13 creatures vanquished.

Vanquished Creatures (others)
  A gargoyle (D)
  3 hornets (D)
4 creatures vanquished.

Grand Total: 17 creatures vanquished

Notes
Turn   | Place    | Note
-------+----------+-------------------------------------------
     0 | D        | wojtek the Minotaur Fighter began the quest for the Orb.
     0 | D        | Reached XP level 1. HP: 19/19 MP: 0/0
     1 | D        | Noticed Ijyb
     9 | D        | Killed Ijyb
     9 | D        | Reached skill level 5 in Fighting
     9 | D        | Reached skill level 5 in Maces & Flails
     9 | D        | Reached skill level 5 in Armour
     9 | D        | Reached XP level 2. HP: 29/29 MP: 1/1
    44 | D        | Noticed an ogre
    53 | D        | Killed an ogre
    53 | D        | Reached skill level 7 in Maces & Flails
    53 | D        | Reached skill level 5 in Shields
    53 | D        | Reached XP level 3. HP: 9/37 MP: 2/2
    53 | D        | Reached XP level 4. HP: 10/44 MP: 3/3
   391 | D        | Noticed Sigmund
   403 | D        | Killed Sigmund
   403 | D        | Reached skill level 9 in Maces & Flails
   403 | D        | Reached XP level 5. HP: 29/52 MP: 4/4
   403 | D        | Reached XP level 6. HP: 34/60 MP: 5/5
   533 | D        | Found a burning altar of Makhleb.
   533 | D        | Found a viscous altar of Jiyva.
   533 | D        | Found a shimmering altar of Xom.
   533 | D        | Found a corrupted altar of Lugonu.
   533 | D        | Noticed a slime creature
   538 | D        | Killed a slime creature
   538 | D        | Reached skill level 10 in Maces & Flails
   538 | D        | Reached skill level 5 in Dodging
   542 | D        | Found a deep blue altar of Sif Muna.
   544 | D        | Found a radiant altar of Vehumet.
   574 | D        | Found Uloxzikh's Book Emporium.
   574 | D        | Found an ancient bone altar of Kikubaaqudgha.
   574 | D        | Found a hazy altar of Hepliaklqana.
   574 | D        | Found a hide-covered altar of Uskayaw.
   574 | D        | Found a basalt altar of Yredelemnul.
   574 | D        | Found an opulent altar of Gozag.
   574 | D        | Found a snail-covered altar of Cheibriados.
   574 | D        | Found a sacrificial altar of Ru.
   574 | D        | Found a shadowy altar of Dithmenos.
   574 | D        | Noticed a yak
   582 | D        | Killed a yak
   582 | D        | Reached skill level 11 in Maces & Flails
   582 | D        | Reached XP level 7. HP: 45/69 MP: 6/6
   583 | D        | Found a stormy altar of Qazlal.
   583 | D        | Found a blossoming altar of Fedhas.
   583 | D        | Found a bloodstained altar of Trog.
   583 | D        | Found an iron altar of Okawaru.
   583 | D        | Found a glowing golden altar of the Shining One.
   583 | D        | Found a glowing silver altar of Zin.
   583 | D        | Found a white marble altar of Elyvilon.
   584 | D        | Found a sparkling altar of Nemelex Xobeh.
   588 | D        | Became a worshipper of Trog the Wrathful
   705 | D        | Noticed a kobold demonologist
   706 | D        | Noticed a kobold demonologist
   706 | D        | Paralysed by a floating eye for 3 turns
   713 | D        | Noticed an ice devil
   714 | D        | Noticed a hellwing
   719 | D        | Noticed a chaos spawn
   719 | D        | Noticed a chaos spawn
   719 | D        | Killed a kobold demonologist
   719 | D        | Reached * piety under Trog
   719 | D        | Reached skill level 12 in Maces & Flails
   727 | D        | Noticed a red devil
   729 | D        | Killed a kobold demonologist
   729 | D        | Reached XP level 8. HP: 60/79 MP: 7/7
   800 | D        | Killed a hornet
   813 | D        | Noticed a centaur warrior
   813 | D        | Noticed a centaur warrior
   821 | D        | Noticed a manticore
   821 | D        | a centaur warrior changed into a manticore
   844 | D        | Killed a manticore
   844 | D        | Reached ** piety under Trog
   844 | D        | Reached skill level 10 in Fighting
   844 | D        | Reached skill level 13 in Maces & Flails
   844 | D        | Reached skill level 10 in Armour
  1125 | D        | Killed a centaur warrior
  1125 | D        | Reached skill level 14 in Maces & Flails
  1125 | D        | Reached skill level 10 in Shields
  1125 | D        | Reached XP level 9. HP: 75/86 MP: 8/8
  1250 | D        | Noticed a deep troll
  1258 | D        | Killed a deep troll
  1258 | D        | Reached skill level 15 in Maces & Flails
  1259 | D        | Killed a gargoyle
  1270 | D        | Found Tatec's Armour Emporium.
  1277 | D        | Bought the +3 crown of Dyrovepreva {rElec Int+2 SInv} for 496 gold pieces
  1351 | D        | Noticed an oklob plant
  1359 | D        | Splashed by an oklob plant's acid

Skill      XL: |  1  2  3  4  5  6  7  8  9 |
---------------+----------------------------+-----
Fighting       | 5 6 7 8 9 10 11 | 11.5
Maces & Flails | 5 7 9 11 12 14 15 | 15.2
Armour         | 5 6 7 8 9 11 | 11.6
Dodging        | 2 4 6 7 8 9 |  9.6
Shields        | 5 6 8 9 10 | 10.5

Action                   |  1- 3 |  4- 6 |  7- 9 || total
-------------------------+-------+-------+-------++-------
Melee: Flail             |    15 |    24 |    68 ||   107
       Headbutt          |     4 |     6 |    19 ||    29
Evoke: Wand              |       |       |     1 ||     1
  Eat: Chunk             |       |       |     1 ||     1
Armor: Scale mail        |     1 |       |       ||     1
       Skin              |     1 |       |       ||     1
       Chain mail        |       |     5 |    22 ||    27
Dodge: Dodged            |     2 |     2 |    22 ||    26
Block: Shield            |     3 |     3 |    31 ||    37
